 Dungeon Crawl Stone Soup version 0.31-a0-744-gbc345e7fcb (webtiles) character file.

Game seed: 390151494738470273

2174 Dittersdorf the Shield-Bearer (level 9, -2/57 HPs)
             Began as a Gargoyle Fighter on Sept 13, 2023.
             Slain by Duvessa
             ... wielding a +3 short sword of venom
              (8 damage)
             ... on level 5 of the Dungeon.
             The game lasted 00:07:44 (4522 turns).

Dittersdorf the Shield-Bearer (Gargoyle Fighter)    Turns: 4522, Time: 00:07:44

Health: -2/57      AC: 31    Str: 23    XL:     9   Next: 32%
Magic:  9/9        EV: 15    Int: 10    God:
Gold:   233        SH:  5    Dex:  9    Spells: 8/8 levels left

rFire   . . .        k - +1 flail (protect)
rCold   . . .        c - +0 buckler
rNeg    + . .        q - +5 ring mail
rPois   ∞            o - +2 helmet
rElec   +            n - +0 cloak
rCorr   .            (no gloves)
SInv    .            f - +0 pair of boots
Will    .....        a - amulet of faith Stlth
                     p - +5 ring of evasion
HPRegen 0.29/turn    (no ring)
MPRegen 0.11/turn

%: faith
@: under a protective aura
A: sickness immunity, AC +6, negative energy resistance 1, electricity
resistance, torment resistance 1, petrification resistance
a: no special abilities


You were on level 5 of the Dungeon.
You visited 1 branch of the dungeon, and saw 5 of its levels.
You also visited: Ossuary.

You collected 233 gold pieces.

Inventory:

Hand Weapons
 k - a +1 flail of protection (weapon)
Armour
 c - a +0 buckler (worn)
 f - a +0 pair of boots (worn)
 n - a +0 cloak (worn)
 o - a +2 helmet (worn)
 q - a +5 ring mail (worn)
Jewellery
 a - an amulet of faith (around neck)
 p - a +5 ring of evasion (left hand)
Wands
 h - a wand of roots (11)
Scrolls
 l - 2 scrolls of teleportation
 m - 2 scrolls of enchant armour
 r - a scroll of identify
 s - 2 scrolls of fog
 t - a scroll of poison
 w - a scroll of revelation
Potions
 b - 2 potions of invisibility
 d - a potion of might
 e - 2 potions of heal wounds
 g - a potion of ambrosia
 i - a potion of resistance
 j - a potion of curing
 v - a potion of haste


   Skills:
 + Level 7.3 Fighting
 + Level 6.3 Maces & Flails
 + Level 7.3 Armour
 + Level 7.4 Shields


You had 8 spell levels left.
You didn't know any spells.
Your spell library was empty.

Dungeon Overview and Level Annotations

Branches:
Dungeon (5/15)            Ossuary (visited)
 Temple: D:4-7

Altars:
Ashenzari
Uskayaw

Annotations:
D:5 Duvessa


Innate Abilities, Weirdness & Mutations

You are immune to sickness and miasma.
Your stone body is resilient. (AC +6)
You are immune to poison.
You resist negative energy. (rN+)
You are resistant to electric shocks. (rElec)
You are resistant to unholy torment.
You are immune to petrification.


Message History

Duvessa hits you with a +3 short sword of venom.
You hit Duvessa but do no damage.
Duvessa is severely wounded.
Duvessa barely misses you.
The gnoll hits you from afar with a +0 spear.
Duvessa completely misses you.
You hit Duvessa.
Duvessa is severely wounded.
Duvessa hits you with a +3 short sword of venom!
You block the gnoll's attack.
Duvessa hits you with a +3 short sword of venom.
You block the gnoll's attack.
You barely miss Duvessa.
Duvessa is severely wounded.
Duvessa barely misses you. The gnoll barely misses you.
You closely miss Duvessa.
Duvessa is severely wounded.
Duvessa hits you with a +3 short sword of venom!
* * * LOW HITPOINT WARNING * * *
Duvessa hits you with a +3 short sword of venom!
* * * LOW HITPOINT WARNING * * *
The gnoll hits you but does no damage.
You hit Duvessa but do no damage.
Duvessa is severely wounded.
Duvessa misses you. You block the gnoll's attack.
Duvessa completely misses you.
You hit Duvessa.
Duvessa is almost dead.
You block Duvessa's attack. The gnoll hits you but does no damage.
You barely miss Duvessa.
Duvessa is almost dead.
Duvessa hits you but does no damage. The gnoll hits you but does no damage.
Duvessa hits you but does no damage.
You barely miss Duvessa.
Duvessa is almost dead.
Duvessa hits you with a +3 short sword of venom.
* * * LOW HITPOINT WARNING * * *
The gnoll hits you but does no damage.
Duvessa hits you with a +3 short sword of venom!
You die...

##..####..# **,,,,*** ##..##
#..## *,,,,,,,** #..## ##..#
*,,,,,*,,, ##.## ##.## *,,,,,*,,,
##.## #####..## **,,,**,** #..#
#.......# *,,,,,,**
..##****#.#####.## ********
.##,,,,,,,,,* #..# ##*,*******,*
##@## #**,*⌠,,,,*,* ##e## *
..#,*8,,,,+,* #gg# ***
#...#⌠,,,,*,* ##.############..
*##.#*+*+*#.### #..##########...
*,#,,*,,#.#.#####.########.....
**,**,*,,#...)...##†####........
*,,**#####...............#......
##.............>......#..###.....


You could see Duvessa (berserk) and 2 gnolls.

Vanquished Creatures
  6 yaks
  Edmund (D:4)
  A black bear (D:5)
  A phantom (D:5)
  Blork the orc (D:4)
  3 elf zombies (Ossuary)
  2 scorpions (D:5)
  Dowan (D:5)
  9 centaur zombies (Ossuary)
  3 hounds
  A jelly (D:4)
  An orc wizard (D:4)
  3 mummies (Ossuary)
  An adder (D:5)
  2 shadow imps
  An ufetubus (D:5)
  4 worms
  9 dart slugs
  7 orcs
  5 ball pythons
  5 endoplasms
  5 giant cockroaches
  11 goblins
  5 hobgoblins
  5 quokkas
  A bat (D:3)
  2 frilled lizards
  8 kobolds
  3 rats (D:1)
107 creatures vanquished.

Notes
Turn   | Place    | Note
-------+----------+-------------------------------------------
     0 | D:1      | Dittersdorf the Gargoyle Fighter began the quest for the
                  | Orb.
     0 | D:1      | Reached XP level 1. HP: 14/14 MP: 1/1
   112 | D:1      | Reached XP level 2. HP: 12/19 MP: 2/2
   476 | D:1      | Reached XP level 3. HP: 22/23 MP: 3/3
  1674 | D:2      | Reached XP level 4. HP: 29/29 MP: 4/4
  2589 | D:3      | Found a faded altar of an unknown god.
  3061 | D:4      | Found a broken altar of Ashenzari.
  3061 | D:4      | Found a hide-covered altar of Uskayaw.
  3165 | D:4      | Noticed Edmund
  3169 | D:4      | Reached XP level 5. HP: 25/33 MP: 5/5
  3187 | D:4      | Killed Edmund
  3188 | D:4      | Reached XP level 6. HP: 9/39 MP: 6/6
  3338 | D:4      | Noticed Blork the orc
  3350 | D:4      | Killed Blork the orc
  3599 | D:5      | Entered Level 5 of the Dungeon
  3661 | D:5      | Reached skill level 5 in Fighting
  3661 | D:5      | Reached skill level 5 in Armour
  3661 | D:5      | Reached skill level 5 in Shields
  3665 | D:5      | Reached XP level 7. HP: 35/44 MP: 7/7
  3784 | D:5      | Found a sand-covered staircase.
  3789 | Ossuary  | Entered an ossuary
  3919 | Ossuary  | Reached XP level 8. HP: 49/51 MP: 8/8
  4027 | D:5      | Reached skill level 5 in Maces & Flails
  4075 | D:5      | Noticed a yak
  4076 | D:5      | Noticed a yak
  4076 | D:5      | Noticed a yak
  4076 | D:5      | Noticed a yak
  4077 | D:5      | Noticed a yak
  4108 | D:4      | Killed a yak
  4162 | D:5      | Noticed a yak
  4199 | D:3      | Killed a yak
  4255 | D:4      | Killed a yak
  4448 | D:5      | Noticed Dowan
  4454 | D:5      | Killed a yak
  4454 | D:5      | Noticed Duvessa
  4455 | D:5      | Reached XP level 9. HP: 53/57 MP: 9/9
  4480 | D:5      | Killed Dowan
  4522 | D:5      | Slain by Duvessa

Illustrated notes

Levels and vault maps discovered:
D:1:      lightli_arrival_lavapool, layout_basic
D:2:      layout_loops_corners
D:3:      kennysheep_slugbush, layout_loops_cross,
          chequers_ecumenical_altar_simple_redux, chequers_serial_rivers_micro_a
D:4:      layout_gridville, gammafunk_temple_overflow_pools, uniq_blork_the_orc,
          uniq_edmund
D:5:      dreamdust_elfheim, layout_cave_pods, serial_column_ruins,
          column_ruins_hut_ruined, column_ruins_open_small,
          column_ruins_columns_corner, column_ruins_grid_1, enter_ossuary_5,
          minivault_26, minmay_misc_feat_nine_boxes

Skill      XL: |  1  2  3  4  5  6  7  8  9 |
---------------+----------------------------+-----
Shields        | 4 5 7 |  7.4
Armour         | 4 5 7 |  7.3
Fighting       | 4 5 7 |  7.3
Maces & Flails | 3 4 5 6 |  6.3

Action                     |  1- 3 |  4- 6 |  7- 9 || total
---------------------------+-------+-------+-------++-------
  Melee: Flail             |   146 |   187 |   264 ||   597
    Use: Scroll            |       |    13 |     4 ||    17
 Armour: Scale mail        |    28 |       |       ||    28
         Chain mail        |    91 |    52 |       ||   143
         Ring mail         |       |    93 |   210 ||   303
  Dodge: Dodged            |    50 |   121 |   230 ||   401
  Block: Buckler           |    33 |    30 |    71 ||   134

Table legend: (Time is in decaauts)
 A = Elapsed time spent in this place.
 B = Non-inter-level travel time spent in this place.
 C = Inter-level travel time spent in this place.
 D = Time resting spent in this place.
 E = Time spent auto-exploring this place.
 F = Levels seen in this place.
 G = Mean time per level.
                   A        B        C        D        E       F      G
               +--------+--------+--------+--------+--------+-----+--------+
         Total |   4710 |   4422 |    288 |    299 |   2608 |   6 |  785.0 |
       Dungeon |   4496 |   4208 |    288 |    299 |   2540 |   5 |  899.2 |
       Ossuary |    213 |    213 |      0 |      0 |     68 |   1 |  213.0 |
               +--------+--------+--------+--------+--------+-----+--------+

Top non-repeatable levels by time:
     D:2: 1175 daAuts
     D:3: 958 daAuts
     D:1: 896 daAuts
     D:4: 896 daAuts
     D:5: 570 daAuts
 Ossuary: 213 daAuts
